 Dungeon Crawl Stone Soup version 0.23.2 (webtiles) character file.

Game seed: 5581309752727392910

51 Kinoniko the Ducker (level 3, -2/27 HPs)
             Began as a Vampire Gladiator on Apr 4, 2019.
             Slain by a worm (4 damage)
             ... on level 2 of the Dungeon.
             The game lasted 00:07:49 (1120 turns).

Kinoniko the Ducker (Vampire Gladiator)             Turns: 1120, Time: 00:07:49

Health: -2/27      AC:  4    Str: 13    XL:     3   Next: 57%
Magic:  3/3        EV: 14    Int: 10    God:
Gold:   100        SH:  0    Dex: 16    Spells: 2/2 levels left

rFire    + . .     SeeInvis +   a - +0 rapier
rCold    x . .     Gourm    .   (no shield)
rNeg     + . .     Faith    .   b - +0 leather armour
rPois    .         Spirit   .   c - +0 helmet
rElec    .         Reflect  .   (no cloak)
rCorr    .         Harm     .   (no gloves)
MR       .....                  (no boots)
Stlth    ..........             (no amulet)
HPRegen  0.09/turn              i - ring of attention (curse)
MPRegen  0.08/turn              o - ring of fire

@: lethally poisoned (-2 -> -3)
A: fangs 3, see invisible, unbreathing
a: Bat Form


You were on level 2 of the Dungeon.
You were not thirsty.

You visited 1 branch of the dungeon, and saw 2 of its levels.

You collected 100 gold pieces.

Inventory:

Hand Weapons
 a - a +0 rapier (weapon)
Missiles
 d - 3 throwing nets (quivered)
Armour
 b - a +0 leather armour (worn)
 c - a +0 helmet (worn)
Jewellery
 i - a cursed ring of attention (left hand)
 o - a ring of fire (right hand)
Scrolls
 h - 2 scrolls of teleportation
Potions
 e - 6 potions of blood
 f - a potion of flight {unknown}
 g - a potion of berserk rage {unknown}
 m - a potion of lignification {unknown}
 n - 2 potions of haste {unknown}
 p - 2 potions of heal wounds {unknown}


   Skills:
 * Level 2.1 Fighting
 + Level 3.8 Short Blades
 + Level 1.5 Throwing
 * Level 1.2 Armour
 * Level 3.9 Dodging


You had 2 spell levels left.
You didn't know any spells.
Your spell library was empty.

Dungeon Overview and Level Annotations

Branches:
Dungeon (2/15)

Altars:


Innate Abilities, Weirdness & Mutations

You have razor-sharp teeth.
You have supernaturally acute eyesight. (SInv)
You can survive without breathing.


Message History

You hit the worm but do no damage. The kobold misses you.
The worm barely misses you.
You hit the worm but do no damage.
You feel sick. The kobold misses you.
You hit the worm but do no damage. The kobold misses you. The worm bites you!
* * * LOW HITPOINT WARNING * * *
You are too injured to fight recklessly!
You are too injured to fight recklessly!
You are too injured to fight recklessly!
You are too injured to fight recklessly!
You are too injured to fight recklessly!
You are too injured to fight recklessly!
You are too injured to fight recklessly!
You are too injured to fight recklessly!
You see here a stone.
You barely miss the worm. The kobold closely misses you.
The worm closely misses you.
You barely miss the worm.
You feel sick. The kobold hits you.
* * * LOW HITPOINT WARNING * * *
The worm bites you.
You die...

...... ....#####
........( ..........
.......# ........#
##......# ##.......##.
.......#. #..........
#........ #........###
#K#.#+#.. ...........#
#@w...... #........#
#####(....... ........#
#<...........
#.......#####...####.#..
.........§§##.#.# ?...
........§§§§..#.## #..
.....)...§§..§...# ..
##.####.##.####.....
...# #+##§# #####.


You could see a worm and a kobold.

Vanquished Creatures
  2 adders (D:2)
  A dart slug (D:2)
  A leopard gecko (D:1)
  5 bats (D:1)
  4 giant cockroaches (D:1)
  2 goblins
  3 hobgoblins (D:1)
  A ball python (D:1)
  2 frilled lizards (D:1)
  4 kobolds (D:1)
  4 rats (D:1)
29 creatures vanquished.

Notes
Turn   | Place    | Note
-------+----------+-------------------------------------------
     0 | D:1      | Kinoniko the Vampire Gladiator began the quest for the Orb.
     0 | D:1      | Reached XP level 1. HP: 16/16 MP: 1/1
   316 | D:1      | Reached XP level 2. HP: 20/22 MP: 2/2
   412 | D:1      | Reached skill level 1 in Armour
   766 | D:1      | Reached XP level 3. HP: 27/27 MP: 3/3
  1120 | D:2      | Slain by a worm

Skill      XL: |  1  2 |
---------------+-------+-----
Fighting       | 2 |  2.1
Armour         | 1 |  1.2
Short Blades   | |  3.8
Throwing       | |  1.5
Dodging        | |  3.9

Action                   || total
-------------------------++-------
Melee: Rapier            ||    81
       Bite              ||     7
  Use: Scroll            ||     4
       Potion            ||     1
 Stab: Sleeping          ||     1
Armor: Leather armour    ||    23
Dodge: Dodged            ||    68
